[Event "18th Karpov Poikovsky 2017"]
[Site "Poikovsky"]
[Date "2017.04.19"]
[Round "2"]
[White "Zhigalko, Sergei"]
[Black "Sutovsky, Emil"]
[Result "1/2-1/2"]
[ECO "B90"]
[WhiteElo "2639"]
[BlackElo "2650"]
[Annotator "TA"]
[PlyCount "131"]
[EventDate "2017.??.??"]
[EventType "tourn"]
[EventCountry "RUS"]
[SourceTitle "playchess.com"]
[Source "ChessBase"]
[SourceQuality "1"]
[TimeControl "5400+30"]

1. Nf3 d5 2. c4 c6 3. b3 g6 4. Bb2 Nf6 5. d4 {[%emt 0:03:52] A12: English Opening: 1...c6 with b3 by White} (5. g3 Bg7 6. Bg2 O-O 7. O-O a5 8. Nc3 Ne4 9. Na4 Bxb2 10. Nxb2 Na6 11. d3 Nf6 12. cxd5 Nxd5 13. Qd2 Bg4 14. Nc4 Bxf3 15. Bxf3 Nc5 16. d4 {½-½ (72) Anton Guijarro,D (2650)-Vidit,S (2689) Doha 2016}) 5... Bg7 6. Nc3 O-O 7. g3 Nbd7 8. Bg2 Nb6 9. c5 Nbd7 10. O-O b6 $146 (10... Ne4 11. b4 f5 12. e3 {1-0 (43) Vooremaa,A (2350)-Rantanen,P Jyvaskyla 1991}) 11. b4 Rb8 12. Rb1 Qc7 13. Re1 Rd8 14. Qa4 e5 15. Nxe5 (15. dxe5 $11 Ng4 16. e6 fxe6 17. Rec1) 15... Nxe5 16. dxe5 Nd7 17. cxb6 Nxb6 18. Qc2 Nc4 19. e4 $2 {[%emt 0:14:52] [#]} ({Better is} 19. Bc1 $15) 19... d4 $1 ({Weaker is} 19... Bxe5 20. Bc1 $15 (20. exd5 Rxb4 21. Nd1 Nxb2 22. Nxb2 cxd5 23. Qxc7 Bxc7 $17)) (19... Nxb2 20. Rxb2 Qxe5 21. Rc1 $17) 20. Ne2 Nxb2 21. Qxb2 c5 22. Qd2 (22. Nf4 $17 {only move.}) 22... d3 23. Nc3 Qxe5 24. Nd5 c4 25. Rbc1 Ba6 26. a4 Rbc8 27. Nc3 Bb7 28. Red1 Qe7 29. Rb1 Re8 30. Re1 Qc7 31. Nb5 Qb6 32. Nc3 Bd4 33. a5 Qf6 34. Rbc1 Qe7 35. Nb5 Bf6 36. Nxa7 Ra8 37. Nb5 {[%emt 0:00:04] [#]} Ba6 $1 38. e5 Bg5 39. f4 Bxb5 40. Bxa8 Rxa8 41. fxg5 Re8 42. Ra1 Rc8 43. Rac1 Kg7 $2 (43... Qa7+ $19 44. Qf2 (44. Kf1 $2 c3 45. Rxc3 Rxc3 46. Qxc3 d2+ 47. Kg2 Bc6+ 48. Kf1 Bb5+ 49. Kg2 dxe1=N+ 50. Qxe1 Bc6+ 51. Kh3 Bd7+ 52. g4 Qd4 $19) 44... Qxf2+ 45. Kxf2 d2) 44. h4 c3 $2 (44... Qd7 $11 45. Kh2 Qd4) 45. Rxc3 Qxb4 46. Rec1 $18 (46. Rxd3 Qc5+ 47. Rde3) 46... Qd4+ 47. Kh2 Rxc3 48. Rxc3 Qxe5 49. Rb3 Ba6 50. Qb2 Qxb2+ 51. Rxb2 Kf8 52. Kg2 Ke7 53. Kf3 Kd7 54. Ke3 Kc7 55. Rb6 Bc4 56. Rf6 Kb7 57. Rf4 Bb5 58. Rxf7+ Ka6 59. Rxh7 Kxa5 60. Rc7 Kb6 61. Rg7 Kc5 62. Rxg6 Kd5 63. Rg8 Ke5 64. h5 Bc4 65. Rg7 Kf5 66. h6 {[%emt 0:00:11] Kf4+} 1/2-1/2